 Dungeon Crawl Stone Soup version 0.29-a0-962-gc8bbfd0a37 (webtiles) character file.

Game seed: 7431283094253236505

968 vineage the Cudgeller (level 8, -2/50 HPs)
             Began as a Gargoyle Fighter on July 30, 2022.
             Slain by an iguana (10 damage)
             ... on level 5 of the Dungeon.
             The game lasted 00:04:29 (5406 turns).

vineage the Cudgeller (Gargoyle Fighter)            Turns: 5406, Time: 00:04:29

Health: -2/50      AC: 19    Str: 21    XL:     8   Next: 16%
Magic:  8/8        EV: 10    Int:  8    God:
Gold:   263        SH:  5    Dex: 11    Spells: 7/7 levels left

rFire   . . .      SeeInvis .   a - +1 flail (chaos)
rCold   . . .      Faith    .   c - +0 buckler
rNeg    + . .      Spirit   .   b - +0 plate armour
rPois   ∞          Reflect  .   (no helmet)
rElec   +          Harm     .   o - +0 cloak
rCorr   .          Rampage  .   (no gloves)
Will    .....                   (no boots)
Stlth   ..........              (no amulet)
HPRegen 0.16/turn               j - +4 ring of evasion
MPRegen 0.11/turn               (no ring)

@: no status effects
A: sickness immunity, AC +5, negative energy resistance 1, electricity
resistance, torment resistance 1, petrification resistance
a: no special abilities


You were on level 5 of the Dungeon.
You visited 1 branch of the dungeon, and saw 5 of its levels.

You collected 263 gold pieces.

Inventory:

Hand Weapons
 a - a +1 flail of chaos (weapon)
Armour
 b - a +0 plate armour (worn)
 c - a +0 buckler (worn)
 o - a +0 cloak (worn)
Jewellery
 j - a +4 ring of evasion (left hand)
 q - a ring of magical power
Wands
 d - a wand of iceblast (5)
Scrolls
 f - 3 scrolls of poison
 k - 2 scrolls of amnesia
 l - 3 scrolls of torment
 n - a scroll of identify
 p - a scroll of teleportation
Potions
 e - 2 potions of curing
 g - a potion of degeneration {unknown}
 h - 2 potions of attraction {unknown}
 i - a potion of invisibility {unknown}
 m - a potion of ambrosia {unknown}


   Skills:
 + Level 5.5 Fighting
 * Level 5.9 Maces & Flails
 + Level 5.6 Armour
 + Level 5.5 Shields


You had 7 spell levels left.
You didn't know any spells.
Your spell library contained the following spells:

 Spells                   Type           Power      Damage    Failure   Level
 Blink                    Tloc           0%         N/A       100%        2
 Wereblood                Tmut           0%         N/A       100%        2
 Call Canine Familiar     Summ           0%         N/A       100%        3
 Conjure Flame            Conj/Fire      0%         6-21      100%        3
 Portal Projectile        Hex/Tloc       0%         N/A       100%        3
 Stone Arrow              Conj/Erth      0%         3d7       100%        3
 Leda's Liquefaction      Hex/Erth       0%         N/A       100%        4
 Fireball                 Conj/Fire      0%         3d3       100%        5
 Manifold Assault         Tloc           0%         N/A       100%        5
 Storm Form               Tmut/Air       0%         N/A       100%        7
 Summon Hydra             Summ           0%         N/A       100%        7
 Infestation              Necr           0%         N/A       100%        8
 Sublimation of Blood     Necr           Unusable   N/A       N/A         2

Dungeon Overview and Level Annotations

Branches:
Dungeon (5/15)
 Temple: D:4-7

Altars:
Ru
Vehumet

Shops:
D:4 *


Innate Abilities, Weirdness & Mutations

You are immune to sickness and miasma.
Your stone body is resilient. (AC +5)
You are immune to poison.
You resist negative energy. (rN+)
You are resistant to electric shocks. (rElec)
You are resistant to unholy torment.
You are immune to petrification.


Message History

The gnoll is almost dead.
The iguana bites you! The gnoll hits you but does no damage.
You block the gnoll's attack. The phantom completely misses you.
You hit the gnoll.
You kill the gnoll!
You block the iguana's attack. The gnoll hits you with a +0 spear.
You block the phantom's attack.
You are too injured to fight recklessly!
You are too injured to fight recklessly!
You are too injured to fight recklessly!
You are too injured to fight recklessly!
You are too injured to fight recklessly!
You are too injured to fight recklessly!
You are too injured to fight recklessly!
You are too injured to fight recklessly!
You are too injured to fight recklessly!
You are too injured to fight recklessly!
You are too injured to fight recklessly!
You are too injured to fight recklessly!
You are too injured to fight recklessly!
You are too injured to fight recklessly!
You are too injured to fight recklessly!
The gnoll attacks as you move away! You block the gnoll's attack.
The gnoll hits you from afar with a +0 spear.
The phantom attacks as you move away!
The phantom hits you but does no damage.
The iguana attacks as you move away! The iguana bites you.
* * * LOW HITPOINT WARNING * * *
The iguana attacks as you move away! The iguana closely misses you.
You hit the iguana but do no damage. You block the iguana's attack.
The gnoll barely misses you.
You thump the iguana! You burn the iguana.
The iguana is almost dead.
The iguana bites you!
* * * LOW HITPOINT WARNING * * *
The gnoll hits you but does no damage.
You closely miss the iguana.
The iguana is almost dead.
The iguana bites you!
You die...

#..# #..<
############..#
..........##..#
..........##..#
......))..##..# .#
..........##..#..#
..........gl@.#..#
..........W#..#..#
...........#..#..#
.................#
.................#
.########........+
#........####+####
##....#...........
###..#...........


You could see a phantom, an iguana and a gnoll.

Vanquished Creatures
  Grinder (D:4)
  Sigmund (D:4)
  A water moccasin (D:4)
  A scorpion (D:4)
  Crazy Yiuf (D:3)
  An orc priest (D:4)
  Ijyb (D:4)
  Natasha (thrice) (D:3)
  Terence (D:3)
  2 iguanas
  An orc wizard (D:4)
  2 gnolls (D:5)
  8 adders
  An ufetubus (D:4)
  A worm (D:3)
  3 dart slugs
  4 orcs (D:4)
  9 endoplasms
  2 giant cockroaches
  6 goblins
  9 hobgoblins
  7 jackals
  5 quokkas
  6 ball pythons
  8 bats
  A frilled lizard (D:1)
  A kobold (D:2)
  8 rats
95 creatures vanquished.

Notes
Turn   | Place    | Note
-------+----------+-------------------------------------------
     0 | D:1      | vineage the Gargoyle Fighter began the quest for the Orb.
     0 | D:1      | Reached XP level 1. HP: 14/14 MP: 1/1
    84 | D:1      | Reached XP level 2. HP: 17/19 MP: 2/2
   355 | D:1      | Reached XP level 3. HP: 10/23 MP: 3/3
  1767 | D:2      | Got the Treatise on Dynamic Profane Mysteries
  2003 | D:2      | Reached XP level 4. HP: 29/29 MP: 4/4
  2263 | D:3      | Found a faded altar of an unknown god.
  2336 | D:3      | Found a radiant altar of Vehumet.
  2545 | D:3      | Noticed Natasha
  2552 | D:3      | Killed Natasha
  2649 | D:3      | Noticed Terence
  2659 | D:3      | Killed Terence
  2660 | D:3      | Reached XP level 5. HP: 33/33 MP: 5/5
  2683 | D:3      | Noticed Natasha
  2689 | D:3      | Killed Natasha
  2894 | D:3      | Found a runed translucent door.
  2895 | D:3      | Noticed Crazy Yiuf
  2987 | D:3      | Noticed Natasha
  2996 | D:3      | Killed Natasha
  3189 | D:3      | Paralysed by Crazy Yiuf for 3 turns
  3194 | D:3      | Killed Crazy Yiuf
  3816 | D:4      | Reached XP level 6. HP: 38/39 MP: 6/6
  3851 | D:4      | Noticed Sigmund
  3869 | D:4      | Found Quuschef's Serpentskin Sales.
  3869 | D:4      | Noticed a water moccasin
  3963 | D:4      | Noticed Grinder
  3966 | D:4      | Noticed Ijyb
  3971 | D:4      | Paralysed by Grinder for 5 turns
  3980 | D:4      | Paralysed by Grinder for 2 turns
  3992 | D:4      | Killed Ijyb
  4002 | D:4      | Paralysed by Grinder for 5 turns
  4007 | D:4      | Killed Grinder
  4008 | D:4      | Reached skill level 5 in Fighting
  4008 | D:4      | Reached skill level 5 in Maces & Flails
  4008 | D:4      | Reached skill level 5 in Armour
  4008 | D:4      | Reached skill level 5 in Shields
  4008 | D:4      | Reached XP level 7. HP: 22/44 MP: 7/7
  5001 | D:4      | Found a sacrificial altar of Ru.
  5151 | D:4      | Killed Sigmund
  5152 | D:4      | Reached XP level 8. HP: 43/50 MP: 8/8
  5305 | D:5      | Entered Level 5 of the Dungeon
  5406 | D:5      | Slain by an iguana

Illustrated notes

Levels and vault maps discovered:
D:1:      minmay_arrival_four_houses, layout_basic, minmay_tiny_reverse_x
D:2:      layout_loops_corners
D:3:      layout_loops_ring, vehumet_crystals,
          hellmonk_ecumenical_altar_blasted, st_stairs_11,
          uniq_crazy_yiuf_cottage, uniq_terence, uniq_natasha
D:4:      layout_layer_cave, lemuel_tele_altar, corexii_item_surrounded_by_moat,
          guppyfry_shop_venom, uniq_sigmund, uniq_ijyb, uniq_grinder
D:5:      layout_basic, mainiacjoe_overflow_cross_hatched, serial_shops,
          nicolae_shop_trees, uniq_pikel

Skill      XL: |  1  2  3  4  5  6 |
---------------+-------------------+-----
Maces & Flails | 3 5 |  5.9
Fighting       | 4 5 |  5.5
Armour         | 4 5 |  5.6
Shields        | 4 5 |  5.5

Action                   |  1- 3 |  4- 6 |  7- 9 || total
-------------------------+-------+-------+-------++-------
Melee: Flail             |   124 |   140 |    69 ||   333
  Use: Scroll            |     8 |     4 |       ||    12
       Potion            |       |     5 |       ||     5
 Stab: Confused          |       |     1 |       ||     1
       Paralysed         |       |       |     1 ||     1
Armor: Scale mail        |    40 |       |       ||    40
       Plate armour      |    75 |   108 |    46 ||   229
Dodge: Dodged            |    63 |    70 |    38 ||   171
Block: Buckler           |    30 |    41 |    15 ||    86

Table legend: (Time is in decaauts)
 A = Elapsed time spent in this place.
 B = Non-inter-level travel time spent in this place.
 C = Inter-level travel time spent in this place.
 D = Time resting spent in this place.
 E = Time spent auto-exploring this place.
 F = Levels seen in this place.
 G = Mean time per level.
                   A        B        C        D        E       F      G
               +--------+--------+--------+--------+--------+-----+--------+
         Total |   5505 |   5363 |    142 |    468 |   4059 |   5 | 1101.0 |
       Dungeon |   5505 |   5363 |    142 |    468 |   4059 |   5 | 1101.0 |
               +--------+--------+--------+--------+--------+-----+--------+

Top non-repeatable levels by time:
     D:4: 1632 daAuts
     D:3: 1536 daAuts
     D:1: 1355 daAuts
     D:2: 875 daAuts
     D:5: 103 daAuts
